 Dungeon Crawl Stone Soup version 0.24-a0-584-g9d6b971ae4 (webtiles) character file.

Game seed: 12301586617080181236, levelgen mode: deterministic

1068 Leibowitz the Chopper (level 7, 0/60 HPs)
             Began as a Demigod Fighter on Sept 4, 2019.
             Slain by a yak (9 damage)
             ... on level 4 of the Dungeon on Sept 5, 2019.
             The game lasted 00:16:20 (4266 turns).

Leibowitz the Chopper (Demigod Fighter)             Turns: 4266, Time: 00:16:20

Health: 0/60       AC: 14    Str: 23    XL:     7   Next: 79%
Magic:  9/9        EV:  8    Int: 12    God:
Gold:   182        SH:  0    Dex: 15    Spells: 3/6 levels left

rFire    . . .     SeeInvis .   a - +0 war axe
rCold    . . .     Gourm    .   (no shield)
rNeg     . . .     Faith    .   g - +0 chain mail
rPois    .         Spirit   .   e - +1 hat
rElec    .         Reflect  .   d - +0 cloak
rCorr    .         Harm     .   (no gloves)
MR       .....                  t - +1 pair of boots
Stlth    ..........             (no amulet)
HPRegen  0.20/turn              c - ring of flight
MPRegen  0.11/turn              (no ring)

@: no status effects
A: high mp 1
a: Evoke Flight


You were on level 4 of the Dungeon.
You were not hungry.

You visited 1 branch of the dungeon, and saw 7 of its levels.

You collected 182 gold pieces.

Inventory:

Hand Weapons
 a - a +0 war axe (weapon)
 z - a +1 trident of freezing
Missiles
 k - 33 poisoned darts (quivered)
Armour
 d - a +0 cloak (worn)
 e - a +1 hat (worn)
 g - a +0 chain mail (worn)
 t - a +1 pair of boots (worn)
Jewellery
 c - a ring of flight (left hand)
Wands
 u - a wand of digging (5)
 v - a wand of paralysis (4)
 x - a wand of enslavement (8)
Scrolls
 b - a scroll of amnesia
 i - 7 scrolls of identify
 l - 2 scrolls of fog
 o - a scroll of remove curse
 p - a scroll of enchant armour
 r - 2 scrolls of magic mapping
Potions
 j - a potion of curing
 m - 2 potions of brilliance {unknown}
 n - 3 potions of invisibility {unknown}
 q - a potion of ambrosia {unknown}
 s - 2 potions of magic {unknown}
 w - a potion of haste {unknown}
Comestibles
 f - 6 rations


   Skills:
 * Level 4.8 Fighting
 * Level 6.5 Axes
 - Level 1.0(4.1) Polearms
 * Level 4.7 Armour
 + Level 0.9 Dodging
   Level 2.6 Shields


You had 3 spell levels left.
You knew the following spells:

 Your Spells              Type           Power        Failure   Level  Hunger
a - Regeneration          Chrm/Necr      #.........   100%        3    ####...

Your spell library contained the following spells:

 Spells                   Type           Power        Failure   Level  Hunger
 Animate Skeleton         Necr           N/A          94%         1    ##.....
 Pain                     Necr           #...         94%         1    ##.....
 Vampiric Draining        Necr           #.........   100%        3    ####...
 Animate Dead             Necr           N/A          100%        4    #####..


Dungeon Overview and Level Annotations

Branches:
Dungeon (7/15)
 Temple: D:4-7

Annotations:
D:4 2 transporters


Innate Abilities, Weirdness & Mutations

You have an increased reservoir of magic. (+10% MP)


Message History

You hit the yak but do no damage.
The yak is heavily wounded.
The yak gores you.
* * * LOW HITPOINT WARNING * * *
The yak gores you but does no damage.
You hit the yak.
The yak is heavily wounded.
The yak gores you.
* * * LOW HITPOINT WARNING * * *
You barely miss the yak.
The yak is heavily wounded.
The yak gores you.
* * * LOW HITPOINT WARNING * * *
You completely miss the yak.
The yak is heavily wounded.
The yak closely misses you.
You slash the yak!
The yak is almost dead.
The yak gores you!
You die...

### ..# ..##
Y..# .#.#
######## ...#
#..Y..Y# ..##
#.####Y#
..#########.#
#@#
#.......Y.Y.#
#.#
#############
#.#
#####.#######
#...........##
#..#########..#
#.##..C©C5.##.#
#.#8..#o#..8#.#
#.#$"#...#..#.##


You could see a cyclops, 2 yaks and an orc warrior.

Vanquished Creatures
  2 yaks (D:4)
  A phantom (D:4)
  An ogre (D:4)
  2 centaurs (D:5)
  Crazy Yiuf (D:2)
  An orc priest (D:3)
  3 hounds (D:4)
  Ijyb (D:3)
  An orc wizard (D:3)
  A worker ant (D:7)
  9 gnolls
  5 adders
  An ooze (D:3)
  An adder skeleton (D:4)
  A worm (D:3)
  3 dart slugs
  3 leopard geckos
  13 orcs
  9 bats
  6 giant cockroaches
  6 hobgoblins
  6 jackals
  2 quokkas
  2 ball pythons
  2 frilled lizards (D:3)
  11 goblins
  A jackal skeleton (D:4)
  9 kobolds
  11 rats
115 creatures vanquished.

Notes
Turn   | Place    | Note
-------+----------+-------------------------------------------
     0 | D:1      | Leibowitz the Demigod Fighter began the quest for the Orb.
     0 | D:1      | Reached XP level 1. HP: 18/18 MP: 3/3
   279 | D:1      | Reached XP level 2. HP: 26/26 MP: 4/4
   416 | D:1      | Reached skill level 2 in Axes
   612 | D:2      | Reached XP level 3. HP: 8/31 MP: 5/5
   948 | D:2      | Found a runed translucent door.
   949 | D:2      | Noticed Crazy Yiuf
  1156 | D:2      | Found a shimmering blue altar of Sif Muna.
  1314 | D:2      | Killed Crazy Yiuf
  1314 | D:2      | Reached skill level 3 in Axes
  1373 | D:3      | Reached XP level 4. HP: 35/38 MP: 6/6
  1686 | D:3      | Learned a level 3 spell: Regeneration
  2213 | D:3      | Reached XP level 5. HP: 44/45 MP: 7/7
  2260 | D:3      | Noticed Ijyb
  2264 | D:3      | Paralysed by Ijyb for 4 turns
  2283 | D:3      | Killed Ijyb
  2283 | D:3      | Reached skill level 4 in Axes
  2666 | D:4      | You fall into a shaft and drop 3 floors!
  2993 | D:5      | Entered Level 5 of the Dungeon
  3012 | D:5      | Noticed a centaur
  3025 | D:5      | Killed a centaur
  3025 | D:5      | Reached XP level 6. HP: 52/52 MP: 8/8
  3029 | D:5      | Reached skill level 5 in Axes
  3685 | D:4      | Reached skill level 1 in Polearms
  3707 | D:4      | Reached XP level 7. HP: 54/59 MP: 9/9
  3733 | D:4      | Found a shattered altar of Ashenzari.
  4158 | D:4      | Found a transporter.
  4164 | D:4      | Found a transporter.
  4165 | D:4      | Noticed a cyclops
  4173 | D:4      | Found a sacrificial altar of Ru.
  4202 | D:4      | Noticed a yak
  4202 | D:4      | Noticed a yak
  4203 | D:4      | Noticed a yak
  4203 | D:4      | Noticed a yak
  4222 | D:4      | Killed a yak
  4222 | D:4      | Reached skill level 6 in Axes
  4232 | D:4      | Killed a yak
  4266 | D:4      | Slain by a yak

Levels and vault maps discovered:
D:1:      onia_arrival_handbag, layout_loops_ring
D:2:      layout_basic, lemuel_blue_sif_altar, minmay_ruptured,
          uniq_crazy_yiuf_cottage
D:3:      kennysheep_goblin_castle, layout_basic, first_ration
D:4:      layout_loops_cross, gammafunk_temple_overflow_arena,
          lemuel_doored_altar
D:5:      layout_basic
D:6:      layout_cave_pools, nicolae_qazlal_general_emergency,
          minmay_temple_entry_nine_rooms, uniq_prince_ribbit1
D:7:      layout_gridville, gammafunk_ghost_necromancy, dk_noncrumbling_3,
          uniq_harold

Skill      XL: |  1  2  3  4  5  6  7 |
---------------+----------------------+-----
Fighting       | 3 4 |  4.8
Axes           | 2 3 4 5 6 |  6.5
Armour         | 3 4 |  4.7
Polearms       | 1 |  1.0
Dodging        | |  0.9
Shields        | |  2.6

Action                   |  1- 3 |  4- 6 |  7- 9 || total
-------------------------+-------+-------+-------++-------
Melee: War axe           |   125 |   206 |    86 ||   417
       Trident           |       |    17 |       ||    17
Throw: Dart              |       |     4 |       ||     4
  Use: Potion            |     1 |     2 |     1 ||     4
       Scroll            |       |     9 |       ||     9
  Eat: Ration            |     1 |       |       ||     1
       Chunk             |       |     5 |     3 ||     8
Armor: Chain mail        |    86 |   141 |    51 ||   278
       Scale mail        |     4 |       |       ||     4
Dodge: Dodged            |    58 |   115 |    35 ||   208

Table legend:
 A = Non-vault XP
 B = Vault XP
 C = Vault XP percentage of total XP
 D = Non-vault monster count
 E = Vault monster count
 F = Vault count percentage of total count
                 A         B        C        D         E       F
            +---------+---------+-------+---------+---------+-------
      Total |    1424 |     103 |   6.7 |      98 |      17 |  14.8
            +---------+---------+-------+---------+---------+-------
        D:1 |      22 |       4 |  15.4 |      12 |       4 |  25.0
        D:2 |      46 |      41 |  47.1 |      18 |       1 |   5.3
        D:3 |     155 |      58 |  27.2 |      33 |      12 |  26.7
        D:4 |     847 |       0 |   0.0 |      22 |       0 |   0.0
        D:5 |     319 |       0 |   0.0 |      11 |       0 |   0.0
        D:7 |      35 |       0 |   0.0 |       2 |       0 |   0.0
            +---------+---------+-------+---------+---------+-------
